 Dungeon Crawl Stone Soup version 0.28.0-43-g3370ac3207 (webtiles) character file.

Game seed: 17753635386731614481

397 diana the Ducker (level 6, -1/26 HPs)
             Began as a Felid Air Elementalist on Mar 24, 2022.
             Slain by an iguana (14 damage)
             ... on level 5 of the Dungeon.
             The game lasted 00:15:05 (6253 turns).

diana the Ducker (Felid Air Elementalist)           Turns: 6253, Time: 00:15:07

Health: -1/26      AC:  2    Str:  4    XL:     6   Next: 53%
Magic:  0/13       EV: 20    Int: 18    God:
Gold:   211        SH:  0    Dex: 17    Spells: 7/13 levels left
                                        Lives:  0   Deaths: 1

rFire   . . .      SeeInvis +     - Unarmed
rCold   . . .      Faith    .   (shield unavailable)
rNeg    . . .      Spirit   .   (armour unavailable)
rPois   .          Reflect  .   (helmet unavailable)
rElec   .          Harm     .   (cloak unavailable)
rCorr   .          Rampage  .   (gloves unavailable)
Will    +....                   (boots unavailable)
Stlth   +++.......              (no amulet)
HPRegen 0.08/turn               f - ring of wizardry
MPRegen 0.13/turn               h - ring of willpower

@: quick
A: very small, claws 1, fangs 3, see invisible, speed 1, shaggy fur 2, stealthy
paws, no weapons or thrown items, no armour, multi-lived
a: no special abilities


You were on level 5 of the Dungeon.
You visited 1 branch of the dungeon, and saw 5 of its levels.

You collected 211 gold pieces.

Inventory:

Jewellery
 f - a ring of wizardry (left paw)
 h - a ring of willpower (right paw)
 v - a ring of willpower
 x - a ring of protection from cold
Wands
 r - a wand of iceblast (2)
 s - a wand of polymorph (7)
Scrolls
 d - a scroll of silence {unknown}
 g - a scroll of noise {unknown}
 i - a scroll of fog {unknown}
 k - 5 scrolls of identify {unknown}
 n - a scroll of fear {unknown}
 p - a scroll of immolation {unknown}
 t - a scroll of brand weapon {unknown}
 u - a scroll of magic mapping {unknown}
Potions
 a - 2 potions of heal wounds {unknown}
 b - 2 potions of haste
 c - 2 potions of attraction {unknown}
 e - a potion of invisibility {unknown}
 j - a potion of flight {unknown}
 l - a potion of ambrosia {unknown}
 m - a potion of curing {unknown}
 o - a potion of mutation {unknown}
 q - a potion of brilliance {unknown}
 w - a potion of might {unknown}


   Skills:
 - Level 2.0 Fighting
 + Level 6.3 Dodging
 + Level 3.7 Stealth
 - Level 1.4 Unarmed Combat
 + Level 4.1 Spellcasting
 - Level 3.0 Conjurations
 - Level 3.0 Air Magic


You had 7 spell levels left.
You knew the following spells:

 Your Spells              Type           Power      Damage    Failure   Level
a - Shock                 Conj/Air       56%        1d6       1%          1
b - Static Discharge      Conj/Air       14%        N/A       2%          2
c - Swiftness             Air            14%        N/A       5%          3

Your spell library contained the following spells:

 Spells                   Type           Power      Damage    Failure   Level
 Magic Dart               Conj           56%        1d5       1%          1
 Mephitic Cloud           Conj/Pois/Air  10%        N/A       8%          3
 Call Imp                 Summ           3%         N/A       9%          2
 Airstrike                Air            7%         N/A       16%         4


Dungeon Overview and Level Annotations

Branches:
Dungeon (5/15)
 Temple: D:4-7

Altars:
Makhleb
Okawaru

Annotations:
D:5 Grinder


Innate Abilities, Weirdness & Mutations

You have sharp claws.
You have razor-sharp teeth.
You have supernaturally acute eyesight. (SInv)
You cover ground quickly. (Speed+)
You are covered in thick fur. (AC +2)
Your paws help you pounce on unaware monsters.
You are incapable of wielding weapons or throwing items.
You cannot wear armour.
You gain extra lives every three experience levels.


Message History

You don't have enough magic to cast this spell.
Unknown command.
You scratch the iguana.
The iguana is severely wounded.
The iguana bites you but does no damage.
You scratch the iguana but do no damage.
The iguana is severely wounded.
The iguana bites you!
Ouch! That really hurt!
You are too injured to fight recklessly!
You are too injured to fight recklessly!
You are too injured to fight recklessly!
You are too injured to fight recklessly!
You are too injured to fight recklessly!
You are too injured to fight recklessly!
The iguana hisses menacingly.
Casting: Shock (safe; 1% risk of failure)
Confirm with . or Enter, or press ? or * to list all spells.
Aiming: Shock (safe; 1% risk of failure)
Press: ? - help, Shift-Dir - straight line, f/p - iguana
Aim: an iguana (severely wounded, 75% to hit)
The zap hits the iguana but does no damage.
The iguana is severely wounded.
Casting: Shock (safe; 1% risk of failure)
Confirm with . or Enter, or press ? or * to list all spells.
Aiming: Shock (safe; 1% risk of failure)
Press: ? - help, Shift-Dir - straight line, f/p - iguana
Aim: an iguana (severely wounded, 75% to hit)
The zap hits the iguana but does no damage.
The iguana is severely wounded.
The iguana hisses menacingly.
You see here a +0 falchion.
Casting: Shock (safe; 1% risk of failure)
Confirm with . or Enter, or press ? or * to list all spells.
The iguana is struck by an arc of lightning.
The iguana is almost dead.
You are struck by an arc of lightning.
The lightning grounds out.
The iguana bites you!
Ouch! That really hurt!
You die...

### #.# #.##### #.....## #.#....#
### #.#.#..# ######.### #.#l#..#
#........# #l#.#..#########
#.#....#.# #@#.#..........#
#.#.#....# #.#.#...######.#
#.#......# #.#.#...#....#.# #
###.##.....# #.#.#...#.##.#.# #
...........#####.#.#...#....#.# #
.##..............#.#...#....#.# #
..........########.#...#....#.###
.###...#.......# #.#...####.#....
...#...#.#####.# #.#........#.###


You could see an iguana.

Vanquished Creatures
  Menkaure (D:5)
  A black bear (D:4)
  A scorpion (D:5)
  A jelly (D:4)
  An orc priest (D:4)
  An iguana (D:5)
  A hound skeleton (D:4)
  4 gnolls (D:3)
  11 adders
  3 worms
  4 dart slugs
  3 orcs (D:4)
  6 ball pythons
  15 endoplasms
  3 giant cockroaches
  5 goblins
  6 hobgoblins
  6 jackals
  8 kobolds
  8 quokkas
  6 bats
  A frilled lizard (D:3)
  4 rats
100 creatures vanquished.

Notes
Turn   | Place    | Note
-------+----------+-------------------------------------------
     0 | D:1      | diana the Felid Air Elementalist began the quest for the
                  | Orb.
     0 | D:1      | Reached XP level 1. HP: 7/7 MP: 4/4
    39 | D:1      | Reached skill level 1 in Conjurations
   216 | D:1      | Reached XP level 2. HP: 9/11 MP: 1/6
   377 | D:1      | Reached skill level 3 in Dodging
   615 | D:1      | Found a burning altar of Makhleb.
   773 | D:1      | Reached XP level 3. HP: 14/14 MP: 2/7
   834 | D:1      | Learned a level 2 spell: Static Discharge
   838 | D:1      | Learned a level 3 spell: Swiftness
  2230 | D:2      | Reached skill level 4 in Dodging
  2412 | D:2      | Reached XP level 4. HP: 14/18 MP: 2/9
  3081 | D:3      | Found a faded altar of an unknown god.
  3777 | D:3      | Reached XP level 5. HP: 21/21 MP: 5/10
  3876 | D:3      | Reached skill level 5 in Dodging
  4224 | D:4      | Found an iron altar of Okawaru.
  4417 | D:4      | Noticed a phantom
  4513 | D:4      | Noticed a black bear
  4575 | D:4      | Killed a black bear
  4755 | D:4      | Reached skill level 1 in Fighting
  4755 | D:4      | Gained mutation: You are covered in thick fur. (AC +2)
                  | [Felid growth]
  4755 | D:4      | Reached XP level 6. HP: 25/25 MP: 5/11
  5388 | D:5      | Entered Level 5 of the Dungeon
  5440 | D:5      | Reached skill level 6 in Dodging
  5798 | D:5      | Noticed Grinder
  5940 | D:5      | Paralysed by Grinder for 2 turns
  5942 | D:5      | Slain by Grinder
  5943 | D:5      | Reached XP level 5. HP: -2/22 MP: 1/11
  6080 | D:5      | Reached XP level 6. HP: 25/26 MP: 4/12
  6190 | D:5      | Noticed Menkaure
  6197 | D:5      | Killed Menkaure
  6198 | D:5      | Reached skill level 1 in Unarmed Combat
  6253 | D:5      | Slain by an iguana

Illustrated notes

Levels and vault maps discovered:
D:1:      kilobyte_arrival_exit_the_forest, layout_rooms, minmay_hexomino_r4
D:2:      layout_basic, minmay_door_square
D:3:      kb_forest_paths, layout_basic, hellmonk_ecumenical_altar_slurped_away,
          chequers_serial_rivers_micro_b
D:4:      layout_basic, lemuel_round_altar
D:5:      layout_basic, uniq_grinder, uniq_menkaure

Skill      XL: |  1  2  3  4  5  6 |
---------------+-------------------+-----
Conjurations   | 1 2 3 |  3.0
Dodging        | 3 4 5 6 |  6.3
Air Magic      | 3 |  3.0
Spellcasting   | 3 4 |  4.1
Fighting       | 1 2 |  2.0
Stealth        | 3 |  3.7
Unarmed Combat | 1 |  1.4

Action                   |  1- 3 |  4- 6 || total
-------------------------+-------+-------++-------
Melee: Unarmed           |    19 |     9 ||    28
       Bite              |     2 |       ||     2
       Punch             |       |     1 ||     1
 Cast: Shock             |   113 |   169 ||   282
       Static Discharge  |     5 |    33 ||    38
Armor: Skin              |     2 |     5 ||     7
Dodge: Dodged            |    30 |    44 ||    74
